 Dungeon Crawl Stone Soup version 0.21.1-1-g345015f (webtiles) character file.

406 Iko the Shooter (level 6, -8/46 HPs)
             Began as a Demonspawn Arcane Marksman on June 5, 2018.
             Was an Initiate of Makhleb.
             Mangled by a gnoll
             ... wielding a +0 halberd
              (14 damage)
             ... on level 7 of the Dungeon.
             The game lasted 00:08:58 (920 turns).

Iko the Shooter (Demonspawn Arcane Marksman)         Turns: 920, Time: 00:08:58

Health: -8/46      AC:  5    Str:  9 (12) XL:     6   Next: 56%
Magic:  0/7        EV: 11    Int: 15      God:    Makhleb [......]
Gold:   140        SH:  4    Dex: 16 (18) Spells: 3/7 levels left

rFire    . . .     SeeInvis .   g - +2 short sword (flame)
rCold    . . .     Gourm    .   (no shield)
rNeg     . . .     Faith    .   j - +0 ring mail
rPois    .         Spirit   +   (no helmet)
rElec    .         Reflect  .   (no cloak)
rCorr    .         Harm     .   (no gloves)
MR       .....                  (no boots)
Stlth    +.........             (no amulet)
HPRegen  0.15/turn              i - +5 ring of dexterity
MPRegen  0.10/turn              (no ring)

@: lethally poisoned (-8 -> -10)
A: large bone plates 1, spiny 1, magic shield
a: Renounce Religion


You were on level 7 of the Dungeon.
You worshipped Makhleb.
Makhleb was noncommittal.
You were not hungry.

You visited 2 branches of the dungeon, and saw 8 of its levels.

You collected 140 gold pieces.

Inventory:

Hand Weapons
 a - a +0 shortbow
 g - a +2 short sword of flaming (weapon)
Missiles
 b - 2 tomahawks (quivered)
 d - 14 arrows
Armour
 j - a +0 ring mail (worn)
Jewellery
 i - a +5 ring of dexterity (left hand)
Scrolls
 h - a scroll of identify
Books
 c - a book of Debilitation

   Spells                             Type                      Level
   a - Corona                         Hexes                        1
   b - Slow                           Hexes                        2
   c - Inner Flame                    Hexes/Fire                   3
   d - Portal Projectile              Hexes/Translocation          3
   e - Cause Fear                     Hexes                        4
   f - Leda's Liquefaction            Hexes/Earth                  4
Comestibles
 f - a ration


   Skills:
 + Level 2.6 Fighting
 + Level 0.5 Short Blades
 + Level 4.5 Bows
 + Level 2.7 Dodging
 + Level 0.1 Stealth
 + Level 1.0 Spellcasting
 + Level 4.3 Hexes


You had 3 spell levels left.
You knew the following spells:

 Your Spells              Type           Power        Failure   Level  Hunger
a - Corona                Hex            ##.....      12%         1    ##.....
b - Inner Flame           Hex/Fire       #.......     63%         3    ####...


Dungeon Overview and Level Annotations

Branches:
Dungeon (7/15)             Temple (1/1) D:7

Altars:
Ashenzari
Elyvilon
Fedhas
Gozag
Kikubaaqudgha
Makhleb
Nemelex Xobeh
Qazlal
Trog
Uskayaw
Vehumet
Yredelemnul


Innate Abilities, Weirdness & Mutations

You are partially covered in large bone plates. (SH +4)
You are partially covered in sharp spines.
When hurt, damage is shared between your health and your magic reserves.


Message History

The gnoll closely misses you. The gnoll barely misses you.
The adder barely misses you. The gnoll hits you but does no damage.
You barely miss the adder. The gnoll hits you but does no damage.
The adder bites you.
You are poisoned.
The adder poisons you!
The gnoll hits you from afar with a halberd.
* * * LOW HITPOINT WARNING * * *
The gnoll is struck by your spines.
You kill the gnoll!
Makhleb accepts your kill.
You hit the adder. You burn the adder.
The adder is heavily wounded.
You feel sick. The adder is struck by your spines.
You kill the adder!
Makhleb accepts your kill.
The gnoll hits you from afar with a halberd!
* * * LOW HITPOINT WARNING * * *
The gnoll hits you from afar with a halberd!
You die...

#######.#.# ..
#.$...#.#.# ..
#...#.#...#..#
###...#.....#..#
#....g#.....#..# ..
#.....#........# #.#
#..$.g#†.....#.### ..#
#.....)@.........####.##
###..g###........#.....
#....# #..#######...#
#.?..# ##.#§#§#≈#...#
#....# #....>§.....#
#....# #.#≈#≈#≈#...#
.....# #########...###
#..?..# #.##.....[..
#...###'####


You could see 2 gnolls.

Vanquished Creatures
  Grinder (D:3)
  A centaur zombie (D:6)
  2 hounds
  A worker ant (D:4)
  A hound zombie (D:7)
  2 gnolls (D:7)
  4 adders
  A worm (D:3)
  2 leopard geckos
  A ball python (D:6)
  3 goblins
  4 hobgoblins
  3 jackals
  4 kobolds
  A leopard gecko skeleton (D:4)
  A quokka skeleton (D:4)
  3 rats (D:3)
35 creatures vanquished.

Notes
Turn   | Place    | Note
-------+----------+-------------------------------------------
     0 | D:1      | Iko the Demonspawn Arcane Marksman began the quest for the Orb.
     0 | D:1      | Reached XP level 1. HP: 15/15 MP: 2/2
    71 | D:1      | Gained mutation: When hurt, damage is shared between your health and your magic reserves. [demonic ancestry]
    71 | D:1      | Reached XP level 2. HP: 13/21 MP: 3/3
   182 | D:3      | Reached XP level 3. HP: 16/26 MP: 2/4
   204 | D:3      | Learned a level 3 spell: Inner Flame
   301 | D:3      | Noticed Grinder
   306 | D:3      | Paralysed by Grinder for 3 turns
   313 | D:3      | Paralysed by Grinder for 5 turns
   314 | D:3      | HP: 1/26 [Grinder (5)]
   320 | D:3      | Killed Grinder
   320 | D:3      | Gained mutation: You are partially covered in sharp spines. [demonic ancestry]
   320 | D:3      | Reached XP level 4. HP: 2/33 MP: 0/5
   320 | D:3      | Reached XP level 5. HP: 3/38 MP: 0/6
   407 | D:3      | Gained mutation: You are partially covered in large bone plates. (SH +4) [demonic ancestry]
   407 | D:3      | Reached XP level 6. HP: 14/44 MP: 7/7
   576 | D:5      | Entered Level 5 of the Dungeon
   756 | D:7      | Found a staircase to the Ecumenical Temple.
   764 | Temple   | Entered the Ecumenical Temple
   863 | Temple   | Became a worshipper of Makhleb the Destroyer
   920 | D:7      | Mangled by a gnoll

Skill      XL: |  1  2  3 |
---------------+----------+-----
Bows           | 2 4 |  4.5
Dodging        | 2 |  2.7
Fighting       | 2 |  2.6
Hexes          | 4 |  4.3
Short Blades   | |  0.5
Stealth        | |  0.1
Spellcasting   | |  1.0

Action                   |  1- 3 |  4- 6 || total
-------------------------+-------+-------++-------
Melee: War axe           |    16 |       ||    16
       Short sword       |       |    20 ||    20
 Fire: Shortbow          |    43 |    26 ||    69
  Use: Scroll            |     2 |     2 ||     4
       Potion            |     1 |     2 ||     3
Armor: Robe              |     7 |     1 ||     8
       Ring mail         |       |     5 ||     5
Dodge: Dodged            |    23 |    21 ||    44
Block: Other             |       |     6 ||     6
